 Dungeon Crawl Stone Soup version 0.32-a0-999-gfa1cc04b1d (webtiles) character file.

Game seed: 17960261862108222240

14 Cancer the Sneak (level 2, 0/21 HPs)
             Began as an Octopode Delver on Apr 24, 2024.
             Was an Initiate of Dithmenos.
             Slain by an ufetubus (3 damage)
             ... on level 5 of the Dungeon.
             The game lasted 00:01:39 (281 turns).

Cancer the Sneak (Octopode Delver)                   Turns: 281, Time: 00:01:41

Health: 0/21       AC:  1    Str: 11    XL:     2   Next: 41%
Magic:  2/2        EV: 12    Int: 12    God:    Dithmenos [......]
Gold:   0          SH:  0    Dex: 13    Spells: 1/1 levels left

rFire   . .          .
                       - Unarmed
rCold   . . .        (no shield)
rNeg    . . .        (helmet restricted)
rPois   .            (no amulet)
rElec   .            (no ring)
rCorr   .            (no ring)
SInv    .            (no ring)
Will    .....        (no ring)
Stlth   ++++         (no ring)
HPRegen 0.23/turn    (no ring)
MPRegen 0.08/turn    (no ring)
                     (no ring)

%: no passive effects
@: no status effects
A: almost no armour, amphibious, 8 rings, camouflage 1, gelatinous body 1,
(nimble swimmer 1), tentacles
a: Renounce Religion


You were on level 5 of the Dungeon.
You worshipped Dithmenos.
Dithmenos was noncommittal.
You visited 1 branch of the dungeon, and saw 1 of its levels.

Inventory:

Wands
 e - a wand of digging (3)
Scrolls
 a - a scroll of fog
 b - a scroll of revelation
 c - a scroll of fear
Potions
 d - a potion of haste


   Skills:
 - Level 3.0 Fighting
 - Level 2.0 Dodging
 + Level 7.4 Stealth
 - Level 2.0 Unarmed Combat


You had one spell level left.
You didn't know any spells.
Your spell library was empty.

Dungeon Overview and Level Annotations

Branches:
Dungeon (5/15)
 Temple: D:4-7

Altars:
Dithmenos

Annotations:
D:5 Eustachio


Innate Abilities, Weirdness & Mutations

You cannot wear most types of armour.
You are amphibious.
You can wear up to eight rings at the same time.
Your skin changes colour to match your surroundings (Stealth+).
Your rubbery body absorbs attacks. (AC +1, EV +1)
((You are camouflaged when in or above water. (Stealth+)))
You have tentacles for arms and can constrict up to eight enemies at once.


Message History

You kill the shadow imp!
Your Stealth skill increases to level 7!
You have reached level 2!
There is an open door here.
There is an open door here.
There is a shadowy altar of Dithmenos here.
You curl up in front of the altar of Dithmenos.
Dithmenos welcomes you!
There is an open door here.
You start waiting.
Done waiting.
Found a robe.
You see here a +0 robe. 2 ufetubi come into view.
The ufetubus shouts! x2
The ufetubus slips past you! The ufetubus hits you. x3
The ufetubus closely misses you. The ufetubus barely misses you.
The ufetubus misses you.
You closely miss the ufetubus. You grab the ufetubus. You squeeze the ufetubus!
The ufetubus is severely wounded.
You constrict the ufetubus.
You kill the ufetubus!
Dithmenos accepts your kill. The ufetubus barely misses you. x2
You miss the ufetubus. Your grab misses the ufetubus.
Your squeeze misses the ufetubus. The ufetubus hits you.
The ufetubus misses you. The ufetubus barely misses you.
The ufetubus closely misses you.
You tentacle-slap the ufetubus. Your grab misses the ufetubus.
The ufetubus is heavily wounded.
The ufetubus hits you.
* * * LOW HITPOINT WARNING * * *
The ufetubus misses you.
You tentacle-slap the ufetubus. You grab the ufetubus.
The ufetubus is severely wounded.
You constrict the ufetubus. The ufetubus barely misses you.
The ufetubus hits you.
* * * LOW HITPOINT WARNING * * *
The ufetubus closely misses you. The ufetubus hits you.
You die...

# #.#... .## #.#.. ...
###.#.# # ###. #.....#
...... #.#...# ...##!
#########.#...###.......
.......@5...#.......# #.
#########.#.##.########.
#.#.....# #.....
#.#.##..# #.####
#.#.##..# #.#
#.#.##..###.#
#.#.##......#
###.#.##.######
#...[.##.#


You could see an ufetubus.

Vanquished Creatures
  A shadow imp (D:5)
  An ufetubus (D:5)
2 creatures vanquished.

Notes
Turn   | Place    | Note
-------+----------+-------------------------------------------
     0 | D:5      | Cancer the Octopode Delver began the quest for the Orb.
     0 | D:5      | Reached XP level 1. HP: 16/16 MP: 1/1
     1 | D:5      | Noticed Eustachio
    50 | D:5      | Noticed a scorpion
    71 | D:5      | Found a shadowy altar of Dithmenos.
    77 | D:5      | Reached skill level 7 in Stealth
    77 | D:5      | Reached XP level 2. HP: 19/21 MP: 2/2
   107 | D:5      | Became a worshipper of Dithmenos the Shadowed
   281 | D:5      | Slain by an ufetubus

Illustrated notes

Levels and vault maps discovered:
D:5:      layout_basic, grunt_temple_overflow_lords_of_destruction,
          grunt_dithmenos_shadows, minmay_misc_feat_square,
          hangedman_decor_growths, uniq_edmund, uniq_blork_the_orc,
          uniq_eustachio

Skill      XL: |  1 |
---------------+----+-----
Stealth        | 7 |  7.4
Fighting       | |  3.0
Dodging        | |  2.0
Unarmed Combat | |  2.0

Action                     || total
---------------------------++-------
  Melee: Unarmed           ||     7
         Tentacles         ||     3
         Constrict         ||     3
   Stab: Sleeping          ||     1
 Armour: Skin              ||     8
  Dodge: Dodged            ||    11

Table legend: (Time is in decaauts)
 A = Elapsed time spent in this place.
 B = Non-inter-level travel time spent in this place.
 C = Inter-level travel time spent in this place.
 D = Time resting spent in this place.
 E = Time spent auto-exploring this place.
 F = Levels seen in this place.
 G = Mean time per level.
                   A        B        C        D        E       F      G
               +--------+--------+--------+--------+--------+-----+--------+
         Total |    280 |    264 |     16 |    100 |     16 |   1 |  280.0 |
       Dungeon |    280 |    264 |     16 |    100 |     16 |   1 |  280.0 |
               +--------+--------+--------+--------+--------+-----+--------+

Top non-repeatable levels by time:
     D:5: 280 daAuts
